 Dungeon Crawl Stone Soup version 0.31-a0-345-g1ebeae05c6 (webtiles) character file.

Game seed: 6592597937790675454

509 Dordric the Changeling (level 6, -3/54 HPs)
             Began as a Troll Shapeshifter on July 22, 2023.
             Slain by Duvessa
             ... wielding a +0 short sword
              (17 damage)
             ... on level 5 of the Dungeon.
             The game lasted 00:04:00 (3532 turns).

Dordric the Changeling (Troll Shapeshifter)         Turns: 3532, Time: 00:04:01

Health: -3/54      AC:  4    Str: 24    XL:     6   Next: 98%
Magic:  5/5        EV: 10    Int:  4    God:
Gold:   239        SH:  5    Dex: 12    Spells: 5/5 levels left

rFire   . .          .
                       - Unarmed
rCold   . . .        (no shield)
rNeg    . . .        a - +0 animal skin
rPois   .            (helmet currently unavailable)
rElec   .            (cloak currently unavailable)
rCorr   .            (gloves unavailable)
SInv    .            (boots unavailable)
Will    .....        k - amulet of reflection
Stlth   +            f - ring of flight
HPRegen 1.09/turn    (no ring)
MPRegen 0.09/turn

%: reflection
@: beast-form, flying
A: beast (slay +4), large, unfitting armour, claws 3, regeneration 1, shaggy fur
1, tough skin 1
a: Begin Untransformation


You were on level 5 of the Dungeon.
You were a hulking beast.
You visited 1 branch of the dungeon, and saw 5 of its levels.

You collected 239 gold pieces.

Inventory:

Hand Weapons
 g - a +2 dagger of venom
 B - the +9 whip "Upsinusm" {heavy, Str+3 Int+3}
   (You found it on level 5 of the Dungeon)

   Str:       It affects your strength (+3).
   Int:       It affects your intelligence (+3).
Armour
 a - a +0 animal skin (worn)
Jewellery
 f - a ring of flight (left claw)
 k - an amulet of reflection (around neck)
 y - a ring of magical power
Talismans
 c - a beast talisman
 r - a maw talisman
 v - a serpent talisman
Wands
 x - a wand of iceblast (6)
Scrolls
 e - 3 scrolls of identify {unknown}
 h - a scroll of blinking
 j - a scroll of poison {unknown}
 m - a scroll of vulnerability {unknown}
 n - a scroll of teleportation {unknown}
 o - 2 scrolls of fear {unknown}
 p - a scroll of fog {unknown}
 s - a scroll of immolation {unknown}
 t - 2 scrolls of revelation {unknown}
 w - a scroll of enchant armour {unknown}
Potions
 b - 2 potions of lignification
 d - a potion of might {unknown}
 i - a potion of brilliance {unknown}
 l - a potion of attraction {unknown}
 q - a potion of cancellation {unknown}
 u - 2 potions of curing {unknown}
 z - a potion of degeneration {unknown}
 A - a potion of heal wounds {unknown}


   Skills:
 - Level 0.7 Fighting
 - Level 1.5 Dodging
 - Level 3.0 Unarmed Combat
 + Level 6.9 Shapeshifting


You had 5 spell levels left.
You didn't know any spells.
Your spell library contained the following spells:

 Spells                   Type           Power      Damage    Failure   Level
 Necrotise                Necr           0%         1d4       50%         1
 Blink                    Tloc           0%         N/A       65%         2
 Sublimation of Blood     Necr           0%         N/A       65%         2
 Wereblood                Tmut           0%         N/A       65%         2
 Vampiric Draining        Necr           0%         2d6       86%         3
 Manifold Assault         Tloc           0%         N/A       99%         4
 Agony                    Necr           0%         N/A       100%        5
 Summon Hydra             Summ           0%         N/A       100%        7


Dungeon Overview and Level Annotations

Branches:
Dungeon (5/15)
 Temple: D:4-7

Altars:
Okawaru

Shops:
D:2 [((*

Annotations:
D:3 2 transporters, Farjai's ghost, amateur DsNe
D:4 3 runed translucent doors, Farjai's ghost, amateur DjNe
D:5 Duvessa


Innate Abilities, Weirdness & Mutations

You are a hulking beast.
Your limbs bulge with bestial killing power. (Slay +4)
You are too large for most types of armour.
You have claws for hands.
Your natural rate of healing is unusually fast.
You are covered in fur. (AC +1)
You have tough skin. (AC +1)


Message History

B - the +9 whip "Upsinusm" {heavy, Str+3 Int+3} You claw the orc!
You kill the orc!
Duvessa, Sister of Dowan comes into view.
She is wielding a +0 short sword and wearing a +3 chain mail of fire resistance.
An orc comes into view. It is wielding a +0 short sword.
An orc wizard and 2 orcs come into view.
The orc hits you with a +0 short sword.
Dowan casts a spell.
Dowan blinks!
The orc wizard mumbles some strange words.
The orc wizard flickers and vanishes!
Deactivating autopickup; reactivate with Ctrl-A.
Things that are here:
a +0 mace; a +0 leather armour You claw Dowan!
Dowan is severely wounded.
Duvessa says, "Where magic fails, the sword succeeds!"
Duvessa misses you. The orc hits you but does no damage.
Dowan barely misses you.
You scratch Dowan.
Dowan is almost dead.
Duvessa closely misses you. The orc hits you with a +0 short sword.
You block Dowan's attack.
You claw Dowan!
You kill Dowan!
Duvessa screams in rage.
Duvessa goes berserk!
You block Duvessa's attack. You block the orc's attack.
Duvessa attacks as you move away! Duvessa hits you with a +0 short sword.
The sentinel's mark upon you fades away.
Duvessa hits you with a +0 short sword!
Items here: $ ) [ †.
You scratch Duvessa but do no damage. Duvessa hits you with a +0 short sword.
You scratch Duvessa.
Duvessa is lightly wounded.
Duvessa hits you with a +0 short sword. Duvessa hits you with a +0 short sword!
* * * LOW HITPOINT WARNING * * *
You scratch Duvessa but do no damage.
Duvessa is lightly wounded.
Duvessa hits you with a +0 short sword!
You die...

.#.... #.#.# .....# ##
#<#.# ..... .. #.#.# ##
....##.# ...# o. .......#
..####..##{#
........##......oo..# .#
....#.#.... #.o# ###..
.##.#>....#. ##e# .#..
............####h###...
###.###.#.#..)....#..#
#.###.#.##......#.#
#..##.#.........).# .#
##....###.........#...
###..###....>..#...#
####..............#.#
#.....[........##.....
..................#...#.#


You could see Duvessa (berserk) and 3 orcs.

Vanquished Creatures
  A phantom (D:4)
  Dowan (D:5)
  A hound (D:4)
  A jelly (D:4)
  2 orc priests (D:5)
  A sleepcap (D:4)
  3 orc wizards (D:4)
  7 adders
  2 worms (D:2)
  A dart slug (D:4)
  9 orcs
  10 ball pythons
  5 bats
  5 endoplasms
  4 giant cockroaches
  9 goblins
  6 hobgoblins
  4 jackals (D:1)
  4 quokkas
  7 frilled lizards
  11 kobolds
  4 rats
98 creatures vanquished.

Notes
Turn   | Place    | Note
-------+----------+-------------------------------------------
     0 | D:1      | Dordric the Troll Shapeshifter began the quest for the Orb.
     0 | D:1      | Reached XP level 1. HP: 18/18 MP: 0/0
    79 | D:1      | Found a faded altar of an unknown god.
   100 | D:1      | Reached XP level 2. HP: 26/26 MP: 1/1
   440 | D:1      | Reached XP level 3. HP: 31/32 MP: 2/2
   581 | D:2      | Reached skill level 4 in Shapeshifting
   599 | D:2      | Found Qesicurch's Antique Armour Shoppe.
   682 | D:2      | Found Qulin's Antique Weapon Emporium.
   922 | D:2      | Found Sirin's Assorted Antiques.
  1063 | D:2      | Found Heciu's Weapon Boutique.
  1093 | D:2      | Reached XP level 4. HP: 40/40 MP: 3/3
  1594 | D:3      | Found an iron altar of Okawaru.
  1700 | D:3      | Noticed Farjai's ghost (amateur DsNe)
  1726 | D:3      | Found a transporter.
  1727 | D:3      | Found a transporter.
  2073 | D:4      | Reached skill level 5 in Shapeshifting
  2079 | D:4      | Reached XP level 5. HP: 26/46 MP: 4/4
  2508 | D:4      | Identified the +10 hand axe "Vofeajusm" {drain, rF+ Will-
                  | Stlth+}
  2944 | D:4      | Found a runed translucent gate.
  2945 | D:4      | Found a runed translucent gate.
  2945 | D:4      | Found a runed translucent gate.
  2946 | D:4      | Noticed Farjai's ghost (amateur DjNe)
  2957 | D:4      | Noticed a phantom
  2965 | D:4      | Reached skill level 6 in Shapeshifting
  2965 | D:4      | Reached XP level 6. HP: 47/54 MP: 5/5
  3435 | D:5      | Entered Level 5 of the Dungeon
  3521 | D:5      | Identified the +9 whip "Upsinusm" {heavy, Str+3 Int+3}
  3521 | D:5      | Noticed Dowan
  3523 | D:5      | Noticed Duvessa
  3528 | D:5      | Killed Dowan
  3532 | D:5      | Slain by Duvessa

Illustrated notes

Levels and vault maps discovered:
D:1:      amcnicky_arrival_blooded_trapdoor, layout_rooms,
          ebering_ecumenical_altar_petrified, st_stairs_12
D:2:      layout_loops_corners, serial_shops, shop,
          nicolae_shop_bloodbath_and_beyond, nicolae_shop_tiny_statue_garden,
          shop
D:3:      layout_rooms, mainiacjoe_overflow_cross_hatched,
          gammafunk_ghost_gnarly_gnolls
D:4:      layout_layer_cave, gammafunk_ghost_nasty_kobolds, minmay_starry_boxes
D:5:      layout_rooms, grunt_dithmenos_smoke, kennysheep_nub,
          nicolae_letterblocks [nicolae_letter_subblock,
          nicolae_letter_subblock, nicolae_letter_subblock,
          nicolae_letter_subblock, nicolae_letter_subblock,
          nicolae_letter_subblock, nicolae_letter_subblock,
          nicolae_letter_subblock, nicolae_letter_subblock,
          nicolae_letter_subblock, nicolae_letter_subblock,
          nicolae_letter_subblock, nicolae_letter_subblock,
          nicolae_letter_subblock, nicolae_letter_subblock,
          nicolae_letter_subblock, nicolae_letter_subblock,
          nicolae_letter_subblock, nicolae_letter_subblock,
          nicolae_letter_subblock, nicolae_letter_subblock,
          nicolae_letter_subblock, nicolae_letter_subblock,
          nicolae_letter_subblock, nicolae_letter_subblock], uniq_duvessa

Skill      XL: |  1  2  3  4  5 |
---------------+----------------+-----
Shapeshifting  | 4 5 6 |  6.9
Fighting       | |  0.7
Dodging        | |  1.5
Unarmed Combat | |  3.0

Action                     |  1- 3 |  4- 6 || total
---------------------------+-------+-------++-------
  Melee: Unarmed           |    86 |   135 ||   221
         Punch             |     3 |     2 ||     5
         Dagger            |     2 |       ||     2
    Use: Scroll            |       |     1 ||     1
   Stab: Sleeping          |     1 |     2 ||     3
 Armour: Animal skin       |    29 |    25 ||    54
  Dodge: Dodged            |    42 |    47 ||    89
  Block: Other             |       |    22 ||    22
         Form:             |     1 |       ||     1
         Beast             |     1 |       ||     1

Table legend: (Time is in decaauts)
 A = Elapsed time spent in this place.
 B = Non-inter-level travel time spent in this place.
 C = Inter-level travel time spent in this place.
 D = Time resting spent in this place.
 E = Time spent auto-exploring this place.
 F = Levels seen in this place.
 G = Mean time per level.
                   A        B        C        D        E       F      G
               +--------+--------+--------+--------+--------+-----+--------+
         Total |   3516 |   3396 |    120 |      0 |   2799 |   5 |  703.2 |
       Dungeon |   3516 |   3396 |    120 |      0 |   2799 |   5 |  703.2 |
               +--------+--------+--------+--------+--------+-----+--------+

Top non-repeatable levels by time:
     D:4: 1442 daAuts
     D:2: 952 daAuts
     D:1: 569 daAuts
     D:3: 457 daAuts
     D:5: 94 daAuts
